 Dungeon Crawl Stone Soup version 0.29.1-15-g9cfb28693d (webtiles) character file.

Game seed: 5636781992482687777

109 javelincjr the Magician (level 4, -1/31 HPs)
             Began as a Demonspawn Hedge Wizard on Apr 28, 2023.
             Slain by a bullfrog (5 damage)
             ... in a sewer.
             The game lasted 00:13:18 (3482 turns).

javelincjr the Magician (Demonspawn Hedge Wizard)   Turns: 3482, Time: 00:13:18

Health: -1/31      AC:  8    Str: 10    XL:     4   Next: 59%
Magic:  8/9        EV: 12    Int: 18    God:
Gold:   93         SH:  0    Dex: 12    Spells: 5/10 levels left

rFire   . . .      SeeInvis .   h - +0 dagger (speed)
rCold   . . .      Faith    .   (no shield)
rNeg    . . .      Spirit   .   b - +0 robe
rPois   .          Reflect  .   c - +0 hat
rElec   .          Harm     .   (no cloak)
rCorr   .          Rampage  .   n - +0 pair of gloves
Will    .....                   j - +0 pair of boots
Stlth   ++........              (no amulet)
HPRegen 0.10/turn               k - +4 ring of protection
MPRegen 0.11/turn               (no ring)

@: brilliant, attractive, on blink cooldown
A: claws 1, powered by death 1
a: no special abilities


You were in a sewer.
You visited 1 branch of the dungeon, and saw 3 of its levels.
You also visited: Sewer.

You collected 93 gold pieces.

Inventory:

Hand Weapons
 a - a +0 dagger
 h - a +0 dagger of speed (weapon)
Armour
 b - a +0 robe (worn)
 c - a +0 hat (worn)
 e - a +0 buckler
 j - a +0 pair of boots (worn)
 n - a +0 pair of gloves (worn)
Jewellery
 g - an amulet of faith
 k - a +4 ring of protection (left hand)
Scrolls
 f - a scroll of immolation
 l - 4 scrolls of identify {unknown}
 q - a scroll of teleportation {unknown}
 r - 3 scrolls of silence {unknown}
 s - a scroll of fog {unknown}
Potions
 i - a potion of haste {unknown}
 m - a potion of attraction
 o - a potion of brilliance
 t - a potion of lignification {unknown}


   Skills:
 + Level 0.8 Fighting
 + Level 1.2 Armour
 + Level 2.0 Dodging
 - Level 1.7 Stealth
 + Level 1.1 Shields
 * Level 3.6 Spellcasting
 + Level 1.6 Conjurations
 + Level 1.6 Summonings
 + Level 1.4 Translocations


You had 5 spell levels left.
You knew the following spells:

 Your Spells              Type           Power      Damage    Failure   Level
a - Magic Dart            Conj           52%        1d5       8%          1
b - Call Imp              Summ           13%        N/A       12%         2
c - Blink                 Tloc           24%        N/A       13%         2

Your spell library contained the following spells:

 Spells                   Type           Power      Damage    Failure   Level
 Slow                     Hex            16%        N/A       16%         1
 Conjure Flame            Conj/Fire      9%         6-21      32%         3
 Portal Projectile        Hex/Tloc       16%        N/A       34%         3
 Mephitic Cloud           Conj/Pois/Air  7%         N/A       36%         3
 Tukima's Dance           Hex            4%         N/A       43%         3
 Blade Hands              Tmut           2%         N/A       99%         5


Dungeon Overview and Level Annotations

Branches:
Dungeon (3/15)              Sewer (1/1)

Altars:

Shops:
D:1 (


Innate Abilities, Weirdness & Mutations

You have sharp fingernails.
You regenerate a little health from kills.


Message History

You fall into the shallow water.
Moving in this stuff is going to be slow.
It was a potion of attraction.
You feel attractive to monsters.
The frilled lizard is attracted toward you.
It was a potion of brilliance.
You feel clever all of a sudden.
The bullfrog hits you but does no damage. x2
The bullfrog misses you.
As you read the scroll labelled BUT OMUOXEA, it crumbles to dust.
The creatures around you are filled with an inner flame!
It was a scroll of immolation.
The bullfrog closely misses you. The bullfrog barely misses you.
The bullfrog misses you. Magic courses through your body.
The bullfrog hits you but does no damage.
The bullfrog closely misses you.
The bullfrog hits you but does no damage.
The bullfrog attacks as you move away! The bullfrog misses you.
You feel stable enough to blink again.
The bullfrog hits you but does no damage.
The bullfrog hits you.
The bullfrog hits you but does no damage.
Casting: Blink (safe; 13% risk of failure)
Confirm with . or Enter, or press ? or * to list all spells.
You feel a surge of power!
You blink.
The bullfrog hits you.
The bullfrog hits you but does no damage.
The frilled lizard is attracted toward you.
Casting: Blink (safe; 13% risk of failure)
Confirm with . or Enter, or press ? or * to list all spells.
You feel a surge of power!
A beastly little devil appears in a puff of flame.
Your crimson imp disappears in a puff of smoke!
The bullfrog misses you. The bullfrog hits you!
* * * LOW HITPOINT WARNING * * *
The air fills with toxic fumes!
As you read the scroll labelled ZUPNEVOIDGHE, it crumbles to dust.
It was a scroll of poison.
The bullfrog hits you but does no damage.
The bullfrog hits you.
You die...

######### ###~.~~~~~###
##~~~~~~~~.~.##
#####~..~.~~~~~~.~##
##∩##~.~~~#####.~~~.##
#~~#.~~~###§§§###~.~~#
##.~#~~~##§§§§§§~##~.~#
#..##~~##§§§§§§§~~##~~##
#∩.#~.~#@§§§§§§§~~~#~.~#
#.~#~~##FF§#####.~~##†~#
##†##~.#§l5## ##†~~#~~##
#.~#~~~#§§## ##~~#..~#
#~.#†###§§#≈≈.~~≈≈#~~##~.#
#~~#†#.§§##≈~~.~≈≈##~~#.~#
#.~#.#∩§§#≈~.~lF.≈≈#†~#~~#
#~~#~#§§§#≈~~~...≈≈#.~#~~#
#.~#†##.~#~~~~.|~~≈#~.#~~#


You could see 2 bullfrogs, a frilled lizard (inner flame) and a friendly crimson
imp (summoned).

Vanquished Creatures
  An adder (Sewer)
  A dart slug (D:1)
  10 ball pythons
  4 endoplasms
  10 giant cockroaches
  3 goblins
  7 hobgoblins
  2 kobolds
  4 quokkas (Sewer)
  4 bats
  8 frilled lizards
  8 rats
62 creatures vanquished.

Vanquished Creatures (collateral kills)
  An adder (D:3)
  A worm (D:2)
  A dart slug (D:2)
  4 endoplasms
  3 giant cockroaches (Sewer)
  A hobgoblin (D:2)
  A quokka (Sewer)
  3 ball pythons (Sewer)
  A kobold (D:2)
16 creatures vanquished.

Grand Total: 78 creatures vanquished

Notes
Turn   | Place    | Note
-------+----------+-------------------------------------------
     0 | D:1      | javelincjr the Demonspawn Hedge Wizard began the quest for
                  | the Orb.
     0 | D:1      | Reached XP level 1. HP: 13/13 MP: 4/4
   292 | D:1      | Found Tauxuaxu's Weapon Boutique.
   297 | D:1      | Reached skill level 1 in Translocations
   341 | D:1      | Gained mutation: You have sharp fingernails. [demonic
                  | ancestry]
   341 | D:1      | Reached XP level 2. HP: 19/19 MP: 0/6
  1272 | D:1      | Gained mutation: You regenerate a little health from kills.
                  | [demonic ancestry]
  1272 | D:1      | Reached XP level 3. HP: 21/25 MP: 0/7
  1275 | D:1      | Learned a level 2 spell: Call Imp
  1278 | D:1      | Learned a level 2 spell: Blink
  2553 | D:3      | Reached skill level 1 in Armour
  2622 | D:3      | Found a glowing drain.
  2632 | D:3      | Reached skill level 1 in Shields
  2641 | Sewer    | Entered a sewer
  2748 | Sewer    | Reached XP level 4. HP: 31/31 MP: 3/9
  3458 | Sewer    | Noticed a bullfrog
  3461 | Sewer    | Noticed a bullfrog
  3482 | Sewer    | Slain by a bullfrog

Illustrated notes

Levels and vault maps discovered:
D:1:      dpeg_arrival_ratfight, layout_loops_corners, serial_shops,
          nicolae_shop_waterfront
D:2:      layout_rooms
D:3:      layout_loops_ring, nicolae_wu_jian_immortal_techniques,
          portal_sewer_entry_d
Sewer:    sewer_frog_island_02

Skill      XL: |  1  2  3  4 |
---------------+-------------+-----
Translocations | 1 |  1.4
Armour         | 1 |  1.2
Shields        | 1 |  1.1
Dodging        | 2 |  2.0
Fighting       | |  0.8
Stealth        | |  1.7
Spellcasting   | |  3.6
Conjurations   | |  1.6
Summonings     | |  1.6

Action                   |  1- 3 |  4- 6 || total
-------------------------+-------+-------++-------
Melee: Dagger            |    41 |    29 ||    70
       Punch             |     1 |     2 ||     3
 Cast: Magic Dart        |    85 |    49 ||   134
       Call Imp          |     8 |    13 ||    21
       Blink             |       |     2 ||     2
  Use: Potion            |       |     3 ||     3
       Scroll            |       |     2 ||     2
 Stab: Sleeping          |     1 |       ||     1
Armor: Robe              |    16 |    19 ||    35
Dodge: Dodged            |    31 |    33 ||    64
